 Dungeon Crawl Stone Soup version 0.24.0-7-gb3623d2c88 (webtiles) character file.

Game seed: 10005739140193178094, levelgen mode: deterministic

1168 erloom the Transmogrifier (level 8, -15/61 HPs)
             Began as a Black Draconian Transmuter on Nov 2, 2019.
             Was a Priest of Cheibriados.
             Demolished by an ogre
             ... wielding a cursed -2 giant club
              (18 damage)
             ... on level 6 of the Dungeon.
             The game lasted 00:16:52 (5590 turns).

erloom the Transmogrifier (DrTm)                    Turns: 5590, Time: 00:16:53

Health: -15/61     AC:  2    Str: 20    XL:     8   Next: 17%
Magic:  12/14      EV: 20    Int: 24    God:    Cheibriados [***...]
Gold:   218        SH:  0    Dex: 25    Spells: 4/15 levels left

rFire    . . .     SeeInvis .     - Unarmed
rCold    . . .     Gourm    .   (shield currently unavailable)
rNeg     . . .     Faith    .   (armour unavailable)
rPois    x         Spirit   .   (helmet currently unavailable)
rElec    .         Reflect  .   (cloak currently unavailable)
rCorr    +         Harm     .   (gloves currently unavailable)
MR       .....                  (boots currently unavailable)
Stlth    ++........             (no amulet)
HPRegen  0.20/turn              f - ring of resist corrosion
MPRegen  0.14/turn              w - ring of flight

@: spider-form, very slow
A: tiny, (breathe lightning), unfitting armour, AC +6
a: End Transformation, Bend Time, Temporal Distortion, Renounce Religion, Evoke
Flight


You were on level 6 of the Dungeon.
You worshipped Cheibriados.
Cheibriados was most pleased with you.
You were not hungry.
You were a venomous arachnid creature.
You visited 1 branch of the dungeon, and saw 6 of its levels.

You collected 218 gold pieces.

Inventory:

Hand Weapons
 b - a +2 hunting sling (melded)
Missiles
 a - 69 arrows
 k - 21 boomerangs (quivered)
 m - 116 stones
 t - a throwing net
Armour
 A - a +0 pair of boots (melded)
 B - a +0 cloak
 C - a scarf of resistance (melded)
Jewellery
 f - a ring of resist corrosion (left front leg)
 w - a ring of flight (right front leg)
 D - an uncursed amulet of harm {unknown}
Scrolls
 l - a scroll of enchant armour {unknown}
 n - 2 scrolls of remove curse
 p - 2 scrolls of teleportation
 r - a scroll of random uselessness {unknown}
 u - 2 scrolls of identify
 v - a scroll of immolation
 y - a scroll of blinking {unknown}
Potions
 d - a potion of lignification
 e - 3 potions of haste {unknown}
 g - a potion of might {unknown}
 h - a potion of brilliance {unknown}
 i - 2 potions of curing {unknown}
 o - a potion of agility
 q - 2 potions of invisibility {unknown}
 s - a potion of mutation {unknown}
 z - a potion of magic {unknown}
Comestibles
 c - 4 rations


   Skills:
 - Level 2.0 Fighting
 - Level 2.0 Dodging
 - Level 3.0 Unarmed Combat
 + Level 4.2 Spellcasting
 + Level 8.1 Transmutations
 - Level 3.0 Poison Magic


You had 4 spell levels left.
You knew the following spells:

 Your Spells              Type           Power        Failure   Level  Hunger
a - Beastly Appendage     Tmut           #####.       3%          1    None
b - Sticks to Snakes      Tmut           #####...     3%          2    None
c - Spider Form           Tmut/Pois      ####......   10%         3    ##.....
d - Blade Hands           Tmut           #####.....   24%         5    #####..

Your spell library contained the following spells:

 Spells                   Type           Power        Failure   Level  Hunger
 Magic Dart               Conj           #...         24%         1    None
 Blink                    Tloc           N/A          32%         2    None
 Call Imp                 Summ           #.......     32%         2    None
 Slow                     Hex            #.......     32%         2    None
 Mephitic Cloud           Conj/Pois/Air  #.......     38%         3    ##.....
 Ice Form                 Ice/Tmut       ###.....     38%         4    ####...
 Conjure Flame            Conj/Fire      #.......     50%         3    ##.....


Dungeon Overview and Level Annotations

Branches:
Dungeon (6/15)             Temple (0/1) D:6

Altars:
Cheibriados
Dithmenos
Qazlal
Sif Muna
Uskayaw


Innate Abilities, Weirdness & Mutations

((You can breathe wild blasts of lightning.))
((Your glossy black scales are hard. (AC +6)))
You cannot fit into any form of body armour.
((You are resistant to electric shocks. (rElec)))
((You are cold-blooded and may be slowed by cold attacks.))


Message History

You completely miss the ogre.
The ogre is severely wounded.
The ogre hits you with a cursed -2 giant club!!
* * * LOW HITPOINT WARNING * * *
You completely miss the ogre.
The ogre is almost dead.
Unknown command.
Unknown command.
Casting: Spider Form (safe; 10% risk of failure)
Confirm with . or Enter, or press ? or * to list all spells.
Okay, then.
Okay, then.
Okay, then.
Okay, then.
Okay, then.
Unknown command.
The ogre barely misses you.
Unknown command.
The ogre hits you with a cursed -2 giant club!!
You die...

.## ...... ..8.. .# #
#.....# ..## ## #. ##.
#.#..##..# #.#
##.##..##.##..##[##.#
#.....##...##....#.#
#...8.Os.>....8...#
#..(..##...##.....##
((((.##..##.##..##...#
....
##..#.#..##..#.#### ##
#.....##........#
#..8..#...##.##.#
............# #.##.#
.###...####.# #.##.#
#..## #รท# #.##.##


You could see an ogre.

Vanquished Creatures
  Grinder (D:4)
  A phantom (D:4)
  2 sky beasts
  An ogre (D:4)
  A water moccasin zombie (D:5)
  4 wights (D:6)
  3 orc priests
  A bullfrog skeleton (D:4)
  An orc wizard (D:4)
  2 worker ants
  A hound skeleton (D:4)
  A worker ant zombie (D:6)
  A howler monkey skeleton (D:4)
  5 adders
  An ooze (D:2)
  An adder zombie (D:5)
  3 worms
  3 dart slugs
  4 leopard geckos
  17 orcs
  2 ball pythons (D:3)
  5 giant cockroaches
  9 goblins
  9 hobgoblins
  5 jackals
  4 quokkas
  6 frilled lizards
  7 kobolds
  2 leopard gecko skeletons
  7 rats
110 creatures vanquished.

Vanquished Creatures (collateral kills)
  An ogre (D:3)
  A wight (D:6)
2 creatures vanquished.

Grand Total: 112 creatures vanquished

Notes
Turn   | Place    | Note
-------+----------+-------------------------------------------
     0 | D:1      | erloom the Draconian Transmuter began the quest for the
                  | Orb.
     0 | D:1      | Reached XP level 1. HP: 16/16 MP: 3/3
   335 | D:1      | Reached XP level 2. HP: 8/23 MP: 5/5
   573 | D:1      | Reached skill level 3 in Transmutations
   725 | D:1      | Found a snail-covered altar of Cheibriados.
   735 | D:1      | Became a worshipper of Cheibriados the Contemplative
  1121 | D:2      | Learned a level 2 spell: Sticks to Snakes
  1158 | D:2      | Reached XP level 3. HP: 15/28 MP: 6/6
  1302 | D:2      | Learned a level 3 spell: Spider Form
  1390 | D:2      | Reached * piety under Cheibriados
  1519 | D:2      | Found a stormy altar of Qazlal.
  1739 | D:2      | Reached skill level 1 in Poison Magic
  1755 | D:2      | Reached XP level 4. HP: 26/36 MP: 4/7
  1963 | D:2      | Found a shadowy altar of Dithmenos.
  2576 | D:3      | Reached ** piety under Cheibriados
  2767 | D:3      | Reached skill level 4 in Transmutations
  2767 | D:3      | Reached XP level 5. HP: 29/41 MP: 3/8
  3157 | D:3      | Noticed an ogre
  3165 | D:3      | Killed an ogre
  3329 | D:4      | Noticed an ogre
  3349 | D:4      | Killed an ogre
  3349 | D:4      | Reached skill level 5 in Transmutations
  3349 | D:4      | Reached XP level 6. HP: 48/48 MP: 3/9
  3466 | D:4      | Noticed Grinder
  3506 | D:4      | Paralysed by Grinder for 3 turns
  3510 | D:4      | Killed Grinder
  3645 | D:4      | Reached *** piety under Cheibriados
  3645 | D:4      | Reached skill level 6 in Transmutations
  3645 | D:4      | Your scales start taking on a glossy black colour.
  3645 | D:4      | Reached XP level 7. HP: 53/55 MP: 11/11
  3645 | D:4      | Gained mutation: You are resistant to electric shocks.
                  | (rElec) [Black Draconian growth]
  3821 | D:4      | Learned a level 5 spell: Blade Hands
  4064 | D:5      | Entered Level 5 of the Dungeon
  4576 | D:5      | Found a shimmering blue altar of Sif Muna.
  4653 | D:5      | Reached skill level 7 in Transmutations
  4957 | D:6      | Reached XP level 8. HP: 43/61 MP: 14/14
  5049 | D:6      | Found a hide-covered altar of Uskayaw.
  5073 | D:6      | Reached skill level 8 in Transmutations
  5564 | D:6      | Found a staircase to the Ecumenical Temple.
  5587 | D:6      | HP: 3/61 [ogre/cursed -2 giant club (18)]
  5590 | D:6      | Demolished by an ogre

Levels and vault maps discovered:
D:1:      sevenhm_arrival_forest_fort_small_4, layout_loops_ring,
          cheibriados_altar_1
D:2:      layout_loops_cross, nicolae_overflow_crystal_walls,
          nicolae_qazlal_general_emergency
D:3:      layout_rooms, first_ration, kennysheep_generic_room_5
D:4:      layout_loops_ring, uniq_grinder
D:5:      layout_basic, lemuel_blue_sif_altar
D:6:      layout_loops_ring, minmay_temple_entry_waves, basic_altar

Skill      XL: |  1  2  3  4  5  6  7  8 |
---------------+-------------------------+-----
Transmutations | 3 4 5 6 7 8 |  8.1
Dodging        | 2 |  2.0
Fighting       | 2 |  2.0
Poison Magic   | 1 2 3 |  3.0
Spellcasting   | 3 4 |  4.2
Unarmed Combat | |  3.0

Action                   |  1- 3 |  4- 6 |  7- 9 || total
-------------------------+-------+-------+-------++-------
Melee: Unarmed           |   146 |   104 |   156 ||   406
       Tailslap          |    12 |    13 |    19 ||    44
       Punch             |     1 |     1 |     3 ||     5
       Kick              |     3 |     6 |     3 ||    12
       Headbutt          |     2 |     7 |     5 ||    14
 Fire: Hunting sling     |       |    71 |    60 ||   131
Throw: Stone             |     2 |       |       ||     2
 Cast: Beastly Appendage |     4 |     5 |     4 ||    13
       Sticks to Snakes  |     1 |     8 |     1 ||    10
       Spider Form       |       |     4 |     3 ||     7
  Use: Scroll            |       |     2 |     7 ||     9
 Stab: Sleeping          |     2 |     1 |       ||     3
  Eat: Chunk             |     3 |     3 |     1 ||     7
       Ration            |       |       |     1 ||     1
Armor: Skin              |    31 |    20 |    24 ||    75
Dodge: Dodged            |    59 |    73 |    85 ||   217
